 Dungeon Crawl Stone Soup version 0.27-a0-836-gfc908b8576 (webtiles) character file.

Game seed: 10812014694845097218

814 Goblin1989 the Shield-Bearer (level 7, -2/53 HPs)
             Began as a Djinni Fighter on Mar 31, 2021.
             Slain by a gnoll sergeant
             ... wielding a +2 trident of flaming
              (11 damage)
             ... on level 5 of the Dungeon.
             The game lasted 00:07:34 (4883 turns).

Goblin1989 the Shield-Bearer (Djinni Fighter)       Turns: 4883, Time: 00:07:34

Health: -2/53      AC: 11    Str: 17    XL:     7   Next: 93%
Gold:   217        EV:  7    Int: 10    God:
                   SH:  9    Dex: 12

rFire    + + .     SeeInvis .   z - +2 whip (drain)
rCold    x . .     Faith    .   c - +0 kite shield
rNeg     . . .     Spirit   .   b - +0 scale mail
rPois    ∞         Reflect  .   (no helmet)
rElec    .         Harm     .   (no cloak)
rCorr    .         Rampage  .   (no gloves)
Will     .....                  (boots unavailable)
Stlth    ..........             r - amulet of regeneration
HPRegen  1.17/turn              A - +4 ring of protection
MPRegen  0.00/turn              (no ring)

@: mighty, flying
A: fire resistance 2, cold vulnerability 1, float, innate caster, hp casting,
extra vitality 1
a: no special abilities


You were on level 5 of the Dungeon.
You visited 1 branch of the dungeon, and saw 5 of its levels.

You collected 217 gold pieces.

Inventory:

Hand Weapons
 a - a +0 flail
 z - a +2 whip of draining (weapon)
Armour
 b - a +0 scale mail (worn)
 c - a +0 kite shield (worn)
 l - a +0 plate armour
 v - a +0 cloak
Jewellery
 r - an amulet of regeneration (around neck)
 u - an amulet of reflection
 A - a +4 ring of protection (left hand)
Scrolls
 e - 6 scrolls of identify {unknown}
 f - a scroll of fear {unknown}
 h - 2 scrolls of enchant weapon {unknown}
 i - a scroll of blinking {unknown}
 k - 2 scrolls of magic mapping {unknown}
 s - a scroll of amnesia {unknown}
 x - 3 scrolls of teleportation {unknown}
 y - 2 scrolls of noise {unknown}
 B - a scroll of fog {unknown}
Potions
 g - a potion of curing {unknown}
 j - 2 potions of haste {unknown}
 t - a potion of brilliance {unknown}
 w - a potion of berserk rage {unknown}


   Skills:
 + Level 4.8 Fighting
 * Level 4.7 Maces & Flails
 + Level 4.8 Armour
 + Level 4.9 Shields


You couldn't memorise any spells.
You knew the following spells:

 Your Spells              Type           Power      Damage    Failure   Level
a - Corona                Hex            0%         N/A       99%         1
b - Poisonous Vapours     Pois/Air       0%         N/A       100%        2
m - Mephitic Cloud        Conj/Pois/Air  0%         N/A       100%        3
Your spell library was empty.


Dungeon Overview and Level Annotations

Branches:
Dungeon (5/15)
 Temple: D:4-7

Altars:
Nemelex Xobeh
Trog
The Shining One

Annotations:
D:2 1 runed translucent door, Crazy Yiuf


Innate Abilities, Weirdness & Mutations

You are immune to poison.
Your flesh is very heat resistant. (rF++)
You are vulnerable to cold. (rC-)
You float through the air rather than walking.
You learn spells naturally, not from books.
Your magical power is your life essence.
You have superior vitality. (+4 HP)


Message History

x - 3 scrolls labelled MUCAXT JIGETUF (gained 1)
j - 2 murky cyan potions (gained 1)
You set off the alarm!
A sentinel's mark forms upon you.
You hear a shout! x2; You hear an angry hiss.
You hear a shout!
You hear an angry hiss.
e - 6 scrolls labelled BENKUO ZI FOM (gained 1)
An adder comes into view.
A scorpion comes into view.
The adder bites you.
You take 3 damage, and have 50/53 hp.
You whack the adder! You drain the adder.
You kill the adder!
You see here an adder corpse.
The sentinel's mark upon you fades away.
Health restored: 53 You hit the scorpion.
You drain the scorpion.
The scorpion is moderately wounded.
You block the scorpion's attack.
An ogre comes into view. It is wielding a +0 giant club.
The scorpion stings you but does no damage.
You hit the scorpion but do no damage.
The scorpion is moderately wounded.
The gnoll throws a throwing net.
The throwing net hits you.
You become entangled in the net!
The scorpion stings you but does no damage.
You tear a large gash into the net.
The scorpion stings you but does no damage.
You struggle against the net.
The scorpion barely misses you.
You rip the net and break free!
You block the scorpion's attack.
An iguana comes into view.
An orc comes into view. It is wielding a +0 falchion.
The scorpion stings you but does no damage.
You barely miss the scorpion.
The scorpion is moderately wounded.
The gnoll hits you from afar with a +2 halberd.
The scorpion stings you but does no damage.
You take 5 damage, and have 48/53 hp.
You completely miss the scorpion.
The scorpion is moderately wounded.
The scorpion closely misses you.
The gnoll hits you from afar with a +2 halberd.
You take 3 damage, and have 45/53 hp.
You closely miss the scorpion.
The scorpion is moderately wounded.
The scorpion stings you.
The gnoll hits you from afar with a +2 halberd.
An ogre comes into view. It is wielding a +0 giant spiked club.
The scorpion barely misses you.
You take 4 damage, and have 41/53 hp.
You hit the scorpion. You drain the scorpion.
The scorpion is severely wounded.
You block the gnoll's attack. The ogre barely misses you.
The gnoll sergeant hits you from afar with a +2 trident of flaming!
The gnoll sergeant burns you. The scorpion stings you.
You take 13 damage, and have 28/53 hp.
MASSIVE DAMAGE!!
You are too injured to fight recklessly!
You are too injured to fight recklessly!
You are too injured to fight recklessly!
You are too injured to fight recklessly!
You are too injured to fight recklessly!
You are too injured to fight recklessly!
You are too injured to fight recklessly!
You are too injured to fight recklessly!
You see here an adder corpse.
You feel very mighty all of a sudden. You block the scorpion's attack.
You block the gnoll sergeant's attack.
You whack the scorpion!
You kill the scorpion!
The gnoll sergeant hits you from afar with a +2 trident of flaming.
You take 3 damage, and have 27/53 hp.
You whack the ogre!
The ogre is moderately wounded.
You block the gnoll sergeant's attack. The ogre hits you with a +0 giant club!
* * * LOW HITPOINT WARNING * * *
You block the gnoll's attack.
You take 13 damage, and have 14/53 hp.
MASSIVE DAMAGE!!
Your shield prevents you from hitting the ogre.
The ogre is moderately wounded.
You block the gnoll sergeant's attack.
The gnoll hits you from afar with a +0 spear.
* * * LOW HITPOINT WARNING * * *
The ogre barely misses you. The gnoll barely misses you.
You closely miss the ogre.
The ogre is moderately wounded.
The gnoll sergeant barely misses you. You block the gnoll's attack.
The gnoll hits you from afar with a +2 halberd.
* * * LOW HITPOINT WARNING * * *
You take 3 damage, and have 11/53 hp.
You barely miss the ogre.
The ogre is moderately wounded.
The ogre closely misses you. You block the gnoll sergeant's attack.
The gnoll hits you from afar with a +0 spear.
* * * LOW HITPOINT WARNING * * *
You block the gnoll's attack.
You take 3 damage, and have 8/53 hp.
You hit the ogre.
The ogre is heavily wounded.
The gnoll sergeant hits you from afar with a +2 trident of flaming!
You die...

█.....█
█████████.....█
█......██.....█
██.███.██.....█
█..██.██.....█
██.██.████.██████████
█..█..█ █......██...
██.██g███...........
█.@Ogl.............
████g..............
█...............
█...............
█...............
█...............
█...............
█...............
█.........█.....


You could see an ogre, a gnoll sergeant, an iguana and 2 gnolls.

Vanquished Creatures
  A black bear (D:4)
  A sky beast (D:4)
  A phantom (D:4)
  2 scorpions
  3 killer bees
  2 jellies (D:4)
  An iguana (D:4)
  Natasha (thrice) (D:2)
  5 adders
  2 gnolls (D:4)
  4 worms
  7 dart slugs
  An orc (D:3)
  6 ball pythons
  6 endoplasms
  2 giant cockroaches
  5 goblins
  7 hobgoblins
  6 jackals
  4 quokkas
  6 bats
  6 frilled lizards
  4 kobolds
  2 rats (D:1)
87 creatures vanquished.

Vanquished Creatures (others)
  5 fungi (D:5)
5 creatures vanquished.

Grand Total: 92 creatures vanquished

Notes
Turn   | Place    | Note
-------+----------+-------------------------------------------
     0 | D:1      | Goblin1989 the Djinni Fighter began the quest for the Orb.
     0 | D:1      | Reached XP level 1. HP: 20/20 MP: 0/0
   229 | D:1      | Found a glowing golden altar of the Shining One.
   258 | D:1      | Reached XP level 2. HP: 25/25 MP: 0/0
   595 | D:1      | Reached XP level 3. HP: 29/30 MP: 0/0
   595 | D:1      | Learned a level 1 spell: Corona
   623 | D:1      | Upgraded the game from 0.27-a0-828-g8289197e94 to
                  | 0.27-a0-836-gfc908b8576
  1496 | D:2      | Noticed Natasha
  1504 | D:2      | Killed Natasha
  1505 | D:2      | Reached XP level 4. HP: 25/35 MP: 0/0
  1909 | D:2      | Noticed Natasha
  1919 | D:2      | Killed Natasha
  1933 | D:2      | Reached XP level 5. HP: 33/40 MP: 0/0
  1933 | D:2      | Learned a level 2 spell: Poisonous Vapours
  2258 | D:2      | Noticed Natasha
  2267 | D:2      | Killed Natasha
  2432 | D:2      | Found a sparkling altar of Nemelex Xobeh.
  2683 | D:2      | Found a runed translucent door.
  2684 | D:2      | Noticed Crazy Yiuf
  2885 | D:3      | Reached XP level 6. HP: 42/47 MP: 0/0
  3697 | D:4      | Found a bloodstained altar of Trog.
  3921 | D:4      | Noticed a black bear
  3933 | D:4      | Killed a black bear
  4225 | D:5      | Entered Level 5 of the Dungeon
  4263 | D:4      | Reached XP level 7. HP: 46/52 MP: 0/0
  4263 | D:4      | Learned a level 3 spell: Mephitic Cloud
  4883 | D:5      | Slain by a gnoll sergeant

Illustrated notes

Levels and vault maps discovered:
D:1:      minmay_arrival_solitary_statue, layout_basic, hangedman_decor_points,
          grunt_decor_one_mirror, tso_altar
D:2:      kennysheep_big_flooded_room, layout_loops_ring,
          nemelex_lonely_heart_becter, uniq_crazy_yiuf_cottage, uniq_natasha
D:3:      layout_basic, minmay_circle_x
D:4:      layout_loops_ring, lightli_temple_of_fire
D:5:      layout_rooms, basic_altar, fedhas_altar_3

Skill      XL: |  1  2  3  4  5  6 |
---------------+-------------------+-----
Maces & Flails | 2 3 4 |  4.7
Shields        | 4 |  4.9
Fighting       | 4 |  4.8
Armour         | 4 |  4.8

Action                   |  1- 3 |  4- 6 |  7- 9 || total
-------------------------+-------+-------+-------++-------
Melee: Flail             |   110 |   166 |       ||   276
       Whip              |       |     9 |    55 ||    64
  Use: Potion            |       |       |     1 ||     1
Armor: Scale mail        |    46 |    97 |    24 ||   167
Dodge: Dodged            |    34 |    75 |    18 ||   127
Block: Kite shield       |    55 |   100 |    43 ||   198

Table legend: (Time is in decaauts)
 A = Elapsed time spent in this place.
 B = Non-inter-level travel time spent in this place.
 C = Inter-level travel time spent in this place.
 D = Time resting spent in this place.
 E = Time spent auto-exploring this place.
 F = Levels seen in this place.
 G = Mean time per level.
                   A        B        C        D        E       F      G
               +--------+--------+--------+--------+--------+-----+--------+
         Total |   5037 |   4807 |    230 |    630 |   3234 |   5 | 1007.4 |
       Dungeon |   5037 |   4807 |    230 |    630 |   3234 |   5 | 1007.4 |
               +--------+--------+--------+--------+--------+-----+--------+

Top non-repeatable levels by time:
     D:2: 1466 daAuts
     D:1: 1463 daAuts
     D:4: 1178 daAuts
     D:3: 738 daAuts
     D:5: 190 daAuts
